 Dungeon Crawl Stone Soup version 0.14-a0-2124-ga163777 (webtiles) character file.

611 Mitsuki the Covert (level 6, 0/44 HPs)
             Began as a Vampire Assassin on Jan 27, 2014.
             Slain by a gnoll
             ... wielding a +0,+0 club
              (8 damage)
             ... on Level 4 of the Dungeon.
             The game lasted 00:12:51 (4229 turns).

Mitsuki the Covert (Vampire Assassin)               Turns: 4229, Time: 00:12:51

HP   0/44        AC  3     Str 10      XL: 6   Next: 59%
MP   6/6         EV 12     Int 13      God:
Gold 199         SH  0     Dex 17      Spells:  0 memorised,  5 levels left

rFire  . . .     SeeInvis +     a - +2 dagger
rCold  + . .     Clarity  +     u - +0 robe
rNeg   + + .     Conserve .     (no shield)
rPois  +         rCorr    .     (no helmet)
rElec  .         rRot     +     d - +0 cloak (curse)
SustAb + .       Spirit   .     (no gloves)
rMut   .         Warding  .     (no boots)
Saprov . . .     Stasis   .     n - amulet of clarity {unknown}
MR     .....                    (no ring)
                                s - ring of sustain abilities {unknown}

@: regenerating slowly, not resistant to hostile enchantments, extremely
stealthy
A: bottle blood, fangs 3, see invisible, unbreathing
a: Bat Form, Bottle Blood


You were on level 4 of the Dungeon.
You were thirsty.

You visited 1 branch of the dungeon, and saw 4 of its levels.
You also visited: Sewer.

You collected 199 gold pieces.

Inventory:

Hand weapons
 a - a +2,+2 dagger (weapon)
 b - a +0 blowgun
Missiles
 e - 7 poisoned needles
 f - 2 curare-tipped needles
Armour
 d - a cursed +0 cloak (worn)
 u - a +0 robe (worn)
Scrolls
 c - a scroll of teleportation {unknown}
 g - a scroll of enchant weapon I {unknown}
 h - 6 scrolls of identify {unknown}
 j - a scroll of curse weapon {unknown}
 l - 2 scrolls of magic mapping
 m - a scroll of enchant weapon II {unknown}
Jewellery
 n - an amulet of clarity (around neck) {unknown}
 s - a ring of sustain abilities (left hand) {unknown}
Potions
 i - a potion of mutation {unknown}
 k - a potion of blood
 p - 7 potions of curing {unknown}
 q - a potion of speed {unknown}
 t - a potion of strong poison {unknown}


   Skills:
 - Level 1.7 Fighting
 + Level 2.4 Short Blades
 - Level 1.5 Throwing
 - Level 1.1 Dodging
 + Level 11.8 Stealth


You had 5 spell levels left.
You didn't know any spells.

Dungeon Overview and Level Annotations

Branches:
Dungeon (4/16)
 Temple: D:4-7

Altars:


Innate Abilities, Weirdness & Mutations

You heal slowly.
You can bottle blood from corpses.
You have razor-sharp teeth.*
You have supernaturally acute eyesight.
You can survive without breathing.*


Message History

You hit the gnoll but do no damage.
The gnoll is almost dead.
The gnoll closely misses you. The gnoll hits you but does no damage.
The gnoll hits you from afar with a spear.
You hit the gnoll but do no damage.
The gnoll is almost dead.
The gnoll hits you with a club.
The gnoll hits you from afar with a spear.
* * * LOW HITPOINT WARNING * * *
The gnoll barely misses you.
You hit the gnoll.
You kill the gnoll!
The gnoll hits you from afar with a spear.
* * * LOW HITPOINT WARNING * * *
The gnoll hits you with a club.
* * * LOW HITPOINT WARNING * * *
The gnoll barely misses you. The gnoll closely misses you.
The gnoll hits you with a club!
You die...

###.......# #................
..........# #.................
.......##.###..................
............#.................#
...............................
............##......##.......#.
.......#................#......
.......#................#......
.......#........@gg.....#.......
.......#.....##.#...........#
#...####.....##.#...........# ..
.......#.....##.....#.......# .[.
....<..#...##########.......##...
................)................
............................#.#..
............................#.#
.............)................#


You could see 2 gnolls.

Vanquished Creatures
  A crocodile (Sewer)
  An ogre (D:4)
  An iguana (D:4)
  A worker ant (D:3)
  5 adders
  6 gnolls
  2 worms
  2 giant mites (D:3)
  An iguana skeleton (D:4)
  An orc skeleton (D:4)
  A giant gecko (D:2)
  An orc (D:3)
  9 bats
  5 giant cockroaches
  6 goblins
  3 hobgoblins
  7 jackals (D:2)
  13 kobolds
  3 quokkas
  2 ball pythons
  A giant gecko skeleton (D:4)
  2 giant newts
  9 rats
83 creatures vanquished.

Notes
Turn   | Place    | Note
--------------------------------------------------------------
     0 | D:1      | Mitsuki, the Vampire Assassin, began the quest for the Orb.
     0 | D:1      | Reached XP level 1. HP: 16/16 MP: 1/1
   131 | D:1      | Reached skill level 6 in Stealth
   450 | D:1      | Reached XP level 2. HP: 16/22 MP: 2/2
   578 | D:1      | Reached skill level 7 in Stealth
  1134 | D:2      | Reached XP level 3. HP: 27/27 MP: 3/3
  1450 | D:2      | Reached skill level 8 in Stealth
  1738 | D:3      | Reached XP level 4. HP: 25/33 MP: 4/4
  1977 | D:3      | Reached skill level 9 in Stealth
  2007 | D:3      | Found a glowing drain.
  2026 | D:3      | Reached XP level 5. HP: 21/38 MP: 5/5
  2102 | Sewer    | Entered a sewer
  2137 | Sewer    | Reached skill level 10 in Stealth
  3282 | D:3      | Reached skill level 11 in Stealth
  3282 | D:3      | Reached XP level 6. HP: 44/44 MP: 6/6
  4229 | D:4      | Slain by a gnoll

Action                   |  1- 3 |  4- 6 || total
-------------------------+-------+-------++-------
Melee: Dagger            |   133 |   161 ||   294
 Fire: Blowgun           |       |     8 ||     8
 Abil: End Transformatio |       |     1 ||     1
       Bat Form          |       |     1 ||     1
       Bottle Blood      |       |     1 ||     1
  Use: Scroll            |       |     8 ||     8
 Stab: Sleeping          |    18 |    14 ||    32
       Distracted        |       |     1 ||     1
